 Dungeon Crawl Stone Soup version 0.32-a0-918-g0f22ef8d61 (webtiles) character file.

Game seed: 9633427832674281010

139 KennySheep the Magician (level 5, -2/28 HPs)
             Began as a Deep Elf Air Elementalist on Apr 12, 2024.
             Slain by Pargi (3 damage)
             ... on level 3 of the Dungeon.
             The game lasted 00:13:15 (3010 turns).

KennySheep the Magician (Deep Elf Air Elementalist) Turns: 3010, Time: 00:13:15

Health: -2/28      AC:  2    Str:  5    XL:     5   Next: 1%
Magic:  1/13       EV: 12    Int: 22    God:
Gold:   86         SH:  0    Dex: 15    Spells: 7/12 levels left

rFire   + . .        i - +1 dagger (drain)
rCold   + . .        (no shield)
rNeg    . . .        a - +0 robe
rPois   .            (no helmet)
rElec   .            c - scarf {rC+ rF+}
rCorr   .            (no gloves)
SInv    .            (no boots)
Will    .....        (no amulet)
Stlth   ++           (no ring)
HPRegen 0.24/turn    (no ring)
MPRegen 0.13/turn

%: no passive effects
@: no status effects
A: no striking features
a: no special abilities


You were on level 3 of the Dungeon.
You visited 1 branch of the dungeon, and saw 3 of its levels.

You collected 86 gold pieces.

Inventory:

Hand Weapons
 g - a +0 dagger
 i - a +1 dagger of draining (weapon)
Armour
 a - a +0 robe (worn)
 c - a scarf of resistance (worn)
 m - a +0 cloak
Wands
 r - a wand of charming (3)
Scrolls
 d - 2 scrolls of teleportation {unknown}
 e - 6 scrolls of identify {unknown}
 f - a scroll of fear {unknown}
 h - 2 scrolls of fog {unknown}
 k - a scroll of silence {unknown}
 n - a scroll of poison {unknown}
 s - a scroll of enchant weapon {unknown}
Potions
 b - 2 potions of magic
 j - a potion of attraction
 l - a potion of heal wounds {unknown}
 o - 2 potions of curing {unknown}
 p - a potion of might {unknown}
 q - a potion of haste {unknown}


   Skills:
 + Level 3.5 Dodging
 + Level 3.6 Stealth
 + Level 4.1 Spellcasting
 + Level 2.5 Conjurations
 + Level 4.1 Air Magic


You had 7 spell levels left.
You knew the following spells:

 Your Spells              Type           Power      Damage    Failure   Level
a - Shock                 Conj/Air       76%        1d7       2%          1
b - Airstrike             Air            11%        2d(2-18)  21%         4

Your spell library contained the following spells:

 Spells                   Type           Power      Damage    Failure   Level
 Static Discharge         Conj/Air       38%        3-5/arc   4%          2
 Swiftness                Air            22%        N/A       6%          3
 Sandblast                Erth           8%         2d5       11%         1
 Lesser Beckoning         Tloc           8%         N/A       17%         2
 Stone Arrow              Conj/Erth      20%        3d8       21%         3
 Maxwell's Portable Pile  Tloc           4%         2d(5-14)  32%         3
 Teleport Other           Tloc           4%         N/A       32%         3
 Brom's Barrelling Bould  Conj/Erth      10%        2d3       54%         4


Dungeon Overview and Level Annotations

Branches:
Dungeon (3/15)

Altars:
Makhleb

Shops:
D:2 [

Annotations:
D:3 Pargi


Message History

Casting: Shock (safe; 2% risk of failure)
Confirm with . or Enter, or press ? or * to list all spells.
Aiming: Airstrike (extremely dangerous; 21% risk of failure)
Press: ? - help, Dir - move target, f - Pargi
Aim: Pargi (severely wounded, empty space bonus: 1/8)
Okay, then.
Okay, then.
Okay, then.
Unknown command.
Okay, then.
Okay, then.
Casting: Airstrike (extremely dangerous; 21% risk of failure)
Confirm with . or Enter, or press ? or * to list all spells.
Aiming: Airstrike (extremely dangerous; 21% risk of failure)
Press: ? - help, Dir - move target, f - Pargi
Aim: Pargi (severely wounded, empty space bonus: 1/8)
The air twists around and strikes Pargi.
Pargi is severely wounded.
Pargi closely misses you. Pargi claws you.
* * * LOW HITPOINT WARNING * * *
Pargi barely misses you.
Casting: Airstrike (extremely dangerous; 21% risk of failure)
Confirm with . or Enter, or press ? or * to list all spells.
Aiming: Airstrike (extremely dangerous; 21% risk of failure)
Press: ? - help, Dir - move target, f/p - Pargi
Aim: Pargi (severely wounded, empty space bonus: 1/8)
The air twists around and strikes Pargi.
Pargi is almost dead.
Pargi bites you.
* * * LOW HITPOINT WARNING * * *
Pargi closely misses you. Pargi claws you but does no damage.
Casting: Airstrike (extremely dangerous; 21% risk of failure)
Confirm with . or Enter, or press ? or * to list all spells.
Aiming: Airstrike (extremely dangerous; 21% risk of failure)
Press: ? - help, Dir - move target, f/p - Pargi
Aim: Pargi (almost dead, empty space bonus: 1/8)
The air twists around and strikes Pargi.
Pargi is almost dead.
Pargi bites you but does no damage. Pargi closely misses you. Pargi claws you.
You die...

≈≈.#...#......# #...........# #.
≈≈.#####...#..####...........####
#####....>................'..#
####.........######..........#..#
.............#########.......#..#
.............#.............###..#
.............#.############# #..#
......##'#'#.#.#T.......# #..#
......+..#.#.#.#@######.######..#
......####.#.#.#................#
......# #.#.#.########.######.##
..##### #.#.#.#.............#...
.. #.#.#.#.######.#.....### .
#.#.#.# #.#.###.# #.#.#.#
#.#.#§#.### #.#.#
######.#.###....
#.#.#..............###


You could see Pargi.

Vanquished Creatures
  An iron imp (D:3)
  5 adders
  A ribbon worm (D:2)
  4 dart slugs
  6 endoplasms
  3 giant cockroaches
  4 goblins
  3 hobgoblins
  4 kobolds
  2 quokkas
  5 ball pythons
  7 bats
  6 frilled lizards
  7 rats
58 creatures vanquished.

Notes
Turn   | Place    | Note
-------+----------+-------------------------------------------
     0 | D:1      | KennySheep the Deep Elf Air Elementalist began the quest
                  | for the Orb.
     0 | D:1      | Reached XP level 1. HP: 10/10 MP: 6/6
   340 | D:1      | Reached XP level 2. HP: 15/15 MP: 4/8
   931 | D:1      | Reached XP level 3. HP: 19/19 MP: 6/9
  1435 | D:2      | Found Xusyel's Antique Armour Emporium.
  1747 | D:2      | Reached XP level 4. HP: 24/24 MP: 7/11
  2429 | D:3      | Learned a level 4 spell: Airstrike
  2509 | D:3      | Found a burning altar of Makhleb.
  2856 | D:3      | Reached XP level 5. HP: 19/28 MP: 13/13
  2996 | D:3      | Noticed Pargi
  3009 | D:3      | HP: 1/28 [Pargi (6)]
  3010 | D:3      | Slain by Pargi

Illustrated notes

Levels and vault maps discovered:
D:1:      saegor_arrival_simple_d, layout_basic
D:2:      layout_loops_cross, serial_shops, shop, chequers_jeans
D:3:      layout_basic, demons_altar, serial_glass, glass_columns_c,
          glass_columns_c, due_unseen_surprise, minmay_strange_pillars,
          feat_on_display, uniq_pargi

Skill      XL: |  1  2  3  4 |
---------------+-------------+-----
Stealth        | 3 |  3.6
Dodging        | 3 |  3.5
Conjurations   | 2 |  2.5
Spellcasting   | 4 |  4.1
Air Magic      | 4 |  4.1

Action                     |  1- 3 |  4- 6 || total
---------------------------+-------+-------++-------
  Melee: Dagger            |     1 |    26 ||    27
   Cast: Shock             |    76 |    33 ||   109
         Airstrike         |       |     4 ||     4
    Use: Potion            |       |     1 ||     1
   Stab: Sleeping          |     1 |     1 ||     2
 Armour: Robe              |     3 |    26 ||    29
  Dodge: Dodged            |     8 |    37 ||    45

Table legend: (Time is in decaauts)
 A = Elapsed time spent in this place.
 B = Non-inter-level travel time spent in this place.
 C = Inter-level travel time spent in this place.
 D = Time resting spent in this place.
 E = Time spent auto-exploring this place.
 F = Levels seen in this place.
 G = Mean time per level.
                   A        B        C        D        E       F      G
               +--------+--------+--------+--------+--------+-----+--------+
         Total |   3009 |   3005 |      4 |    193 |   2463 |   3 | 1003.0 |
       Dungeon |   3009 |   3005 |      4 |    193 |   2463 |   3 | 1003.0 |
               +--------+--------+--------+--------+--------+-----+--------+

Top non-repeatable levels by time:
     D:1: 1295 daAuts
     D:2: 869 daAuts
     D:3: 843 daAuts
